 Dungeon Crawl Stone Soup version 0.18.1-47-g9310371 (console) character file.

215289 Kloppie the Minotaur Blade (level 18, -3/176 HPs)
             Began as a Minotaur Berserker on June 21, 2016.
             Was the Champion of Trog.
             Killed from afar by a shock serpent (20 damage)
             ... with an electric aura
             ... on level 4 of the Snake Pit.
             The game lasted 01:20:28 (35478 turns).

Kloppie the Minotaur Blade (Minotaur Berserker)    Turns: 35478, Time: 01:20:29

Health: -3/176     AC: 24    Str: 18    XL:     18   Next: 70%
Magic:  17/17      EV: 17    Int: 14    God:    Trog [******]
Gold:   1466       SH:  9    Dex: 20    Spells: 0 memorised, 17 levels left

rFire  + . .     SeeInvis .     a - +1 double sword (slice)
rCold  . . .     Gourm    .     d - +2 chain mail "Fueg" {rCorr Int+4 Dex-2}
rNeg   + . .     Faith    .     m - +2 buckler
rPois  +         Spirit   .     F - +1 hat
rElec  .         Dismiss  .     L - +1 cloak {+Inv}
rCorr  +         Reflect  .     M - +1 pair of gloves
SustAt .         Harm     .     D - +1 pair of boots
MR     +++..                    Q - amulet "Romaleoc" {Regen+ Int+6}
Stlth  ..........               g - ring of poison resistance
                                S - ring of Noewaqonn {+Blink rF+ rN+ Str-4 Dex+4}

@: lethally poisoned (-3 -> -3), regenerating, extremely resistant to hostile
enchantments, extremely unstealthy
A: retaliatory headbutt, horns 2
a: Berserk, Trog's Hand, Brothers in Arms, Burn Spellbooks, Renounce Religion,
Evoke Blink, Evoke Invisibility


You were on level 4 of the Snake Pit.
You worshipped Trog.
Trog was exalted by your worship.
You were not hungry.

You visited 5 branches of the dungeon, and saw 32 of its levels.
You also visited: Labyrinth and Ice Cave.

You collected 3207 gold pieces.
You spent 1741 gold pieces at shops.

Inventory:

Hand Weapons
 a - a +1 double sword of slicing (weapon)
 b - a +3 scimitar of flaming
 l - a +4 triple sword of protection
Missiles
 n - 2 throwing nets (quivered)
Armour
 d - the +2 chain mail "Fueg" (worn) {rCorr Int+4 Dex-2}
   (You found it on level 1 of the Snake Pit)

   It affects your intelligence (+4).
   It affects your dexterity (-2).
   It protects you from acid and corrosion.
 k - a +2 chain mail of fire resistance
 m - a +2 buckler (worn)
 p - a +0 plate armour of cold resistance
 D - a +1 pair of boots (worn)
 F - a +1 hat (worn)
 L - a +1 cloak of invisibility (worn)
 M - a +1 pair of gloves (worn)
Jewellery
 g - a ring of poison resistance (right hand)
 Q - the amulet "Romaleoc" (around neck) {Regen+ Int+6}
   (You found it on level 8 of the Lair of Beasts)

   [amulet of regeneration]

   It affects your intelligence (+6).
   It increases your rate of regeneration.
 R - an uncursed ring of protection from cold
 S - the ring of Noewaqonn (left hand) {+Blink rF+ rN+ Str-4 Dex+4}
   (You found it in a labyrinth)

   [ring of protection from fire]

   It affects your strength (-4).
   It affects your dexterity (+4).
   It protects you from fire.
   It protects you from negative energy.
   It lets you blink.
 U - an uncursed ring of see invisible
Wands
 r - a wand of disintegration (22/24)
 s - a wand of digging (15/24)
 I - a wand of teleportation (6/9)
Scrolls
 h - 19 scrolls of remove curse
 q - 2 scrolls of fear
 t - 4 scrolls of enchant weapon
 x - 3 scrolls of fog
 y - 11 scrolls of teleportation
 z - a scroll of enchant armour
 A - 10 scrolls of identify
 H - 5 scrolls of recharging
 T - a scroll of silence
 V - 5 scrolls of magic mapping
 W - 2 scrolls of blinking
Potions
 e - 5 potions of haste
 i - 5 potions of agility
 j - 5 potions of resistance
 o - 2 potions of invisibility
 u - 4 potions of heal wounds
 G - 2 potions of cure mutation
 J - 7 potions of might
 K - a potion of cancellation
 N - 4 potions of curing
 O - 3 potions of flight
Comestibles
 c - 12 bread rations
 f - 2 meat rations
 v - 3 chunks of flesh
 C - 3 slices of pizza
 P - 6 beef jerkies


   Skills:
 - Level 19.3 Fighting
 + Level 22.6 Long Blades
 - Level 15.7 Armour
 - Level 13.4 Dodging
 - Level 8.0 Shields


You had 17 spell levels left.
You didn't know any spells.

Dungeon Overview and Level Annotations

Branches:
Dungeon (15/15)            Temple (0/1) D:5            Lair (8/8) D:8
  Swamp (3/4) Lair:3        Snake (4/4) Lair:3        Slime (0/6) Lair:6
    Orc (2/2) D:12            Elf (0/3) Orc:2        Vaults (0/5) D:13
 Depths (0/5) D:15

Altars:
Ashenzari
Dithmenos
Elyvilon
Fedhas
Gozag
Kikubaaqudgha
Nemelex Xobeh
Okawaru
Qazlal
Ru
Sif Muna
Trog
Vehumet
Xom
Beogh

Shops:
D:8 (   D:10 !   Orc:1 :   Orc:2 ?}?(!   Snake:3 !:

Annotations:
Lair:2 exclusion: oklob plant
Lair:5 exclusion: oklob plant


Innate Abilities, Weirdness & Mutations

You reflexively headbutt those who attack you in melee.
You have a pair of horns on your head.


Message History

You feel sick.
You see here 2 arrows.
The shock serpent shoots out a bolt of lightning at you!
The bolt of electricity hits you!
* * * LOW HITPOINT WARNING * * *
Things that are here:
an arbalest; an uncursed war axe; 14 bolts You see here an arrow.
You miss the shock serpent.
The shock serpent shoots out a bolt of lightning at you!
The bolt of electricity hits you!
* * * LOW HITPOINT WARNING * * *
The bolt of electricity hits you!
* * * LOW HITPOINT WARNING * * *
The bolt of electricity misses the shock serpent.
You slice the shock serpent!!
You headbutt the shock serpent, but do no damage.
The shock serpent is severely wounded.
The shock serpent's electric aura discharges violently, shocking you!
You die...

#.#...#.#,,,,,,,,*****
#รท#..(#.#,,*****,,,,,**
####.#.8.#.#,** *****,,,
##..#.#...#.#,* **,,
##...#.#...#.#,* **,
#..^.##)....###* *,
#.....##.#(##.## **,
##........(....## **,,
#.......()@)...### **,,*
###########S.....######.,,*
##....%.......,** *
#............,** **
*#............,,* ,**
#...........##*,, ,,***
*#..........## **, *,,,****
*#..........## **
**,,,,,**** ***...........#
*


You could see a shock serpent.

Vanquished Creatures
  Rupert (Orc:2)
  An acid blob (Lair:6)
  Gastronok (D:9)
  Kirke (D:14)
  Frances (Swamp:1)
  A thorn hunter (Swamp:3)
  A greater naga (Snake:4)
  An orc warlord (Orc:2)
  Louise (Swamp:2)
  Josephine (D:13)
  A minotaur (Lab)
  A vault guard (D:13)
  8 naga warriors
  A yaktaur captain (D:15)
  A fire dragon (D:13)
  24 hydras
  A centaur warrior (D:15)
  Erolcha (D:13)
  8 alligators
  A ghost crab (Swamp:3)
  13 anacondas
  4 ogre magi (Orc:2)
  A tengu warrior (D:15)
  4 death yaks
  A death knight (D:15)
  4 naga sharpshooters
  Urug (D:10)
  7 shock serpents
  Nergalle (Orc:2)
  A fire crab (Lair:7)
  2 sea snakes (Snake:1)
  2 salamander mystics (Snake:3)
  5 skeletal warriors (D:14)
  3 unseen horrors
  An iron troll (D:13)
  3 naga ritualists
  4 swamp dragons
  3 spriggan druids
  2 shambling mangroves
  4 hill giants
  A necromancer (IceCv)
  An orc knight (D:15)
  7 mana vipers
  6 orc sorcerers
  3 hornets
  3 cyclopes
  5 salamanders
  A griffon (Lair:8)
  A deep elf mage (D:15)
  2 manticores (D:15)
  4 guardian serpents
  30 black mambas
  3 ice statues (IceCv)
  8 naga magi
  15 elephants
  Joseph (D:8)
  Psyche (D:8)
  A torpor snail (Lair:3)
  22 spiny frogs
  A gargoyle (D:11)
  A rime drake (Lair:3)
  8 komodo dragons
  3 kobold demonologists (D:14)
  An efreet (D:15)
  5 ice devils (IceCv)
  7 trolls
  5 polar bears (Lair:8)
  A two-headed ogre (D:12)
  A hornet zombie (D:14)
  6 giant leeches
  13 blink frogs
  4 bog bodies
  20 slime creatures
  17 spriggans
  6 redbacks (Lair:8)
  A spriggan (shapeshifter) (D:13)
  Sigmund (D:4)
  44 yaks
  3 shadows
  A hungry ghost (D:9)
  A vampire (D:15)
  3 basilisks
  Eustachio (D:4)
  A hog (D:14)
  4 wyverns
  Grum (D:9)
  6 wraiths
  2 steam dragons
  12 hippogriffs
  16 vampire mosquitoes
  5 wargs
  2 mottled dragons
  14 swamp worms
  10 insubstantial wisps
  20 water moccasins
  19 nagas
  7 porcupines
  8 swamp drakes
  21 orc warriors
  4 sky beasts
  3 ice beasts
  10 necrophages
  8 black bears (Lair:8)
  A phantom (D:13)
  11 ogres
  12 wasps
  37 wolves
  13 crocodiles
  7 centaurs
  4 big kobolds
  20 giant frogs
  A wyvern zombie (D:10)
  A wyvern skeleton (D:13)
  4 scorpions
  15 wights
  31 killer bees
  2 howler monkeys
  3 electric eels
  2 draconian simulacra (IceCv)
  A wasp zombie (D:7)
  6 crimson imps
  10 hounds
  A quasit (D:9)
  9 jellies
  10 orc priests
  4 centaur skeletons
  28 orc wizards
  9 iguanas
  13 worker ants
  2 troll simulacra (IceCv)
  A killer bee zombie (D:9)
  20 sheep
  3 centaur simulacra (IceCv)
  A hound skeleton (D:4)
  5 worker ant zombies
  7 gnolls (D:7)
  2 naga simulacra (IceCv)
  13 adders
  An ogre simulacrum (IceCv)
  57 river rats
  3 shadow imps
  14 oozes (Lair:2)
  2 adder zombies
  An adder skeleton (D:10)
  2 dart slugs (D:1)
  3 giant geckos
  78 orcs
  3 ball pythons
  6 giant cockroaches
  3 goblins
  6 hobgoblins
  13 jackals
  6 quokkas
  3 bats
  A giant gecko zombie (D:7)
  2 giant newts
  A jackal zombie (D:7)
  18 kobolds
  A quokka zombie (D:6)
  8 rats
  A bush (D:7)
  A fungus (Lair:8)
  A plant (Snake:1)
1109 creatures vanquished.

Vanquished Creatures (collateral kills)
  5 death yaks (Lair:6)
  An orc high priest (Orc:1)
  A shambling mangrove (Swamp:2)
  An orc sorcerer (Orc:1)
  An elephant (Lair:8)
  A komodo dragon (Lair:6)
  A blink frog (Lair:6)
  3 slime creatures (Swamp:2)
  A yak (Lair:6)
  A wyvern (Lair:6)
  A vampire mosquito (Swamp:2)
  A swamp worm (Swamp:2)
  2 orc warriors
  A black bear (D:9)
  An ogre (Orc:1)
  2 giant frogs
  3 orc wizards (Orc:2)
  An orc (Orc:2)
28 creatures vanquished.

Vanquished Creatures (others)
  Nessos (Lair:8)
  A centaur warrior (D:15)
  A yaktaur (D:15)
  A hippogriff (Lair:3)
  A swamp drake (Swamp:2)
  An iguana (D:5)
  An orc wizard (Orc:2)
  2 orcs
  2 kobolds
  2 bushes (Lair:7)
  12 fungi
  5 plants
30 creatures vanquished.

Grand Total: 1167 creatures vanquished

Notes
Turn   | Place    | Note
--------------------------------------------------------------
     0 | D:1      | Kloppie the Minotaur Berserker began the quest for the Orb.
     0 | D:1      | Reached XP level 1. HP: 19/19 MP: 0/0
    60 | D:1      | Reached skill level 4 in Long Blades
   157 | D:1      | Reached XP level 2. HP: 26/26 MP: 1/1
   599 | D:1      | Reached skill level 5 in Long Blades
   668 | D:2      | Reached ** piety under Trog
   696 | D:2      | Reached XP level 3. HP: 19/31 MP: 2/2
   914 | D:2      | Found a bloodstained altar of Trog.
  1778 | D:3      | Reached XP level 4. HP: 36/39 MP: 3/3
  2016 | D:4      | Noticed Eustachio
  2040 | D:4      | Killed Eustachio
  2040 | D:4      | Reached skill level 7 in Long Blades
  2040 | D:4      | Reached XP level 5. HP: 31/45 MP: 4/4
  2104 | D:4      | Reached skill level 8 in Long Blades
  2156 | D:4      | Found a shadowy altar of Dithmenos.
  2186 | D:4      | Noticed Sigmund
  2194 | D:4      | Killed Sigmund
  2194 | D:4      | Reached skill level 9 in Long Blades
  2194 | D:4      | Reached XP level 6. HP: 51/51 MP: 5/5
  2337 | D:5      | Entered Level 5 of the Dungeon
  2383 | D:5      | Found an opulent altar of Gozag.
  2468 | D:5      | Found a sparkling altar of Nemelex Xobeh.
  2468 | D:5      | Found a deep blue altar of Sif Muna.
  2510 | D:5      | Reached XP level 7. HP: 57/57 MP: 6/6
  2549 | D:5      | Reached skill level 10 in Long Blades
  2711 | D:5      | Reached *** piety under Trog
  2769 | D:5      | Found a staircase to the Ecumenical Temple.
  2871 | D:6      | Reached skill level 11 in Long Blades
  3098 | D:6      | Reached XP level 8. HP: 63/63 MP: 7/7
  3228 | D:6      | Reached skill level 12 in Long Blades
  3478 | D:7      | Reached skill level 13 in Long Blades
  3796 | D:7      | Found a white marble altar of Elyvilon.
  3918 | D:7      | Found a sacrificial altar of Ru.
  4021 | D:7      | Reached XP level 9. HP: 70/70 MP: 8/8
  4128 | D:7      | Reached skill level 14 in Long Blades
  4268 | D:7      | Reached skill level 1 in Shields
  4282 | D:7      | Reached **** piety under Trog
  4297 | D:7      | Found a blossoming altar of Fedhas.
  4542 | D:7      | Reached skill level 5 in Fighting
  4758 | D:8      | Found a stormy altar of Qazlal.
  4784 | D:8      | Noticed Psyche
  4794 | D:8      | Killed Psyche
  4838 | D:8      | Noticed Joseph
  4854 | D:8      | Killed Joseph
  4854 | D:8      | Reached skill level 5 in Shields
  5026 | D:8      | Noticed a hill giant
  5038 | D:8      | Killed a hill giant
  5038 | D:8      | Reached XP level 10. HP: 67/88 MP: 9/9
  5448 | D:8      | Found Goyrch's Antique Weapon Emporium.
  5505 | D:8      | Found a staircase to the Lair.
  5526 | D:8      | Found a shattered altar of Ashenzari.
  6040 | D:9      | Reached skill level 10 in Fighting
  6045 | D:9      | Reached skill level 5 in Armour
  6121 | D:9      | Found a sacrificial altar of Ru.
  6124 | D:9      | Found a radiant altar of Vehumet.
  6127 | D:9      | Found an iron altar of Okawaru.
  6157 | D:9      | Noticed Gastronok
  6174 | D:9      | Killed Gastronok
  6174 | D:9      | Reached XP level 11. HP: 102/102 MP: 10/10
  6677 | D:9      | Received a gift from Trog
  7153 | D:9      | Noticed Grum
  7163 | D:9      | Killed Grum
  7381 | D:10     | Entered Level 10 of the Dungeon
  7390 | D:10     | Noticed a hill giant
  7410 | D:10     | Killed a hill giant
  7455 | D:10     | Noticed Urug
  7464 | D:10     | Reached ***** piety under Trog
  7485 | D:10     | Noticed a hill giant
  7494 | D:10     | Killed Urug
  7500 | D:10     | Killed a hill giant
  7711 | D:10     | Found Ityac's Distillery.
  7750 | D:10     | Bought a potion of degeneration for 11 gold pieces
  7750 | D:10     | Bought a potion of heal wounds for 55 gold pieces
  8356 | Lair:1   | Entered Level 1 of the Lair of Beasts
  8451 | Lair:1   | Reached skill level 10 in Armour
  8521 | Lair:1   | Found a labyrinth entrance.
  8530 | Lab      | Entered a labyrinth
 10109 | Lab      | Noticed a minotaur
 10115 | Lab      | Killed a minotaur
 10119 | Lab      | Got an iridescent broad axe {venom}
 10146 | Lab      | Got a faintly glowing copper ring
 10149 | Lair:1   | Identified the ring of Noewaqonn {+Blink rF+ rN+ Str-4 Dex+4} (You found it in a labyrinth)
 10489 | Lair:1   | Reached XP level 12. HP: 115/115 MP: 11/11
 10894 | Lair:2   | Noticed a six-headed hydra
 11027 | D:8      | Bought a shimmering morningstar for 216 gold pieces
 11027 | D:8      | Identified the +3 morningstar "Zaodeon" {freeze, rN+ Stlth+} (You bought it in a shop on level 8 of the Dungeon)
 11029 | D:8      | Identified a scroll of acquirement
 11401 | Lair:2   | Killed a six-headed hydra
 12145 | Lair:2   | Reached skill level 15 in Long Blades
 12546 | Lair:2   | Noticed a four-headed hydra
 12554 | Lair:2   | Killed a four-headed hydra
 12554 | Lair:2   | Reached skill level 16 in Long Blades
 12630 | Lair:3   | Found a staircase to the Swamp.
 12713 | Lair:3   | Noticed a seven-headed hydra
 12724 | Lair:3   | Killed a seven-headed hydra
 13213 | Lair:3   | Found a staircase to the Snake Pit.
 13230 | Lair:3   | Reached XP level 13. HP: 84/125 MP: 12/12
 13961 | Lair:4   | Reached skill level 15 in Fighting
 15463 | Lair:5   | Found a frozen archway.
 15471 | IceCv    | Entered an ice cave
 17073 | Lair:6   | Received a gift from Trog
 17589 | Lair:6   | Reached XP level 14. HP: 129/140 MP: 13/13
 17870 | Lair:6   | Found a staircase to the Slime Pits.
 18174 | Lair:7   | Found a stormy altar of Qazlal.
 18188 | Lair:7   | Reached skill level 15 in Armour
 19564 | D:11     | Found an opulent altar of Gozag.
 20004 | D:11     | Received a gift from Trog
 20007 | D:11     | Reached skill level 5 in Dodging
 20576 | D:12     | Got a bloodstained long sword
 20577 | D:12     | Identified the +5 long sword of Jeum {slice, rF+} (You found it on level 12 of the Dungeon)
 20622 | D:12     | Found a staircase to the Orcish Mines.
 20943 | Orc:1    | Entered Level 1 of the Orcish Mines
 21075 | Orc:1    | Found Buwkojedd's Book Shop.
 21607 | Orc:2    | Entered Level 2 of the Orcish Mines
 21710 | Orc:2    | Noticed an orc warlord
 21731 | Orc:2    | Killed an orc warlord
 21743 | Orc:2    | Found Woshaam's Distillery.
 22064 | Orc:2    | Found a roughly hewn altar of Beogh.
 22341 | Orc:2    | Found a staircase to the Elven Halls.
 22484 | Orc:2    | Noticed Rupert
 22543 | Orc:2    | Killed Rupert
 22543 | Orc:2    | Received a gift from Trog
 22662 | Orc:2    | Found Zoigom's Antique Weapon Shoppe.
 22672 | Orc:2    | Reached skill level 10 in Dodging
 22713 | Orc:2    | Found a radiant altar of Vehumet.
 22761 | Orc:2    | Reached XP level 15. HP: 112/147 MP: 14/14
 22777 | Orc:2    | Found Teulangi's Magic Scroll Emporium.
 22787 | Orc:2    | Noticed Nergalle
 22805 | Orc:2    | Killed Nergalle
 22815 | Orc:2    | Bought a scroll of vulnerability for 97 gold pieces
 22815 | Orc:2    | Bought a scroll of identify for 26 gold pieces
 22826 | Orc:2    | Found a roughly hewn altar of Beogh.
 22845 | Orc:2    | Found Ittoxega's Gadget Shoppe.
 22864 | Orc:2    | Bought a wand of teleportation (6/9) for 420 gold pieces
 22879 | Orc:2    | Found an ancient bone altar of Kikubaaqudgha.
 22904 | Orc:2    | Found Musibiom's Magic Scroll Emporium.
 22911 | Orc:2    | Bought a scroll of acquirement for 780 gold pieces
 23111 | D:13     | Noticed Erolcha
 23119 | D:13     | Killed Erolcha
 23691 | D:13     | Found a gate to the Vaults.
 24041 | D:14     | Noticed Josephine
 24049 | D:13     | Killed Josephine
 24083 | D:14     | Noticed Kirke
 24101 | D:14     | Killed Kirke
 24179 | D:14     | Reached skill level 17 in Long Blades
 25278 | D:15     | Entered Level 15 of the Dungeon
 25536 | D:15     | Reached skill level 18 in Long Blades
 26242 | D:15     | Found a staircase to the Depths.
 26635 | Swamp:1  | Entered Level 1 of the Swamp
 26707 | Swamp:1  | Noticed Frances
 26730 | Swamp:1  | Killed Frances
 26754 | Swamp:1  | Reached skill level 19 in Long Blades
 26821 | Swamp:1  | Received a gift from Trog
 27627 | Swamp:1  | Reached XP level 16. HP: 155/155 MP: 15/15
 27860 | Swamp:2  | Reached skill level 20 in Long Blades
 27882 | Swamp:2  | Noticed Louise
 27919 | Swamp:2  | Killed Louise
 29874 | Swamp:3  | Noticed a thorn hunter
 29884 | Swamp:3  | Killed a thorn hunter
 29938 | Swamp:3  | Reached skill level 21 in Long Blades
 30721 | Lair:6   | Noticed an acid blob
 30729 | Lair:6   | Killed an acid blob
 31048 | Lair:8   | Entered Level 8 of the Lair of Beasts
 31328 | Lair:8   | Noticed Nessos
 31357 | Lair:8   | Killed Nessos
 31609 | Lair:8   | Got a slimy pewter amulet
 31610 | Lair:8   | Identified the amulet "Romaleoc" {Regen+ Int+6} (You found it on level 8 of the Lair of Beasts)
 32279 | Snake:1  | Entered Level 1 of the Snake Pit
 32481 | Snake:1  | Received a gift from Trog
 32492 | Snake:1  | Reached ****** piety under Trog
 32512 | Snake:1  | Reached XP level 17. HP: 139/163 MP: 16/16
 32571 | Snake:1  | Found a shimmering altar of Xom.
 32836 | Snake:1  | Got a pitted chain mail
 32837 | Snake:1  | Identified the +2 chain mail "Fueg" {rCorr Int+4 Dex-2} (You found it on level 1 of the Snake Pit)
 34429 | Snake:3  | Found Keapsaz's Distillery.
 34433 | Snake:3  | Found Qooph's Book Emporium.
 34533 | Snake:3  | Bought a potion of cancellation for 136 gold pieces
 34628 | Snake:3  | Reached skill level 22 in Long Blades
 34628 | Snake:3  | Reached XP level 18. HP: 93/174 MP: 7/17
 34679 | Snake:3  | Received a gift from Trog
 35275 | Snake:4  | Entered Level 4 of the Snake Pit
 35478 | Snake:4  | Killed from afar by a shock serpent

Skill      XL: |  1  2  3  4  5  6  7  8  9 10 11 12 13 14 15 16 17 18 |
---------------+-------------------------------------------------------+-----
Long Blades    | 4 5 7 9 11 13 14 16 19 21 22 | 22.6
Fighting       | 8 11 13 14 17 18 19 | 19.3
Shields        | 7 8 |  8.0
Armour         | 7 10 12 14 15 | 15.7
Dodging        | 10 11 12 13 | 13.4

Action                   |  1- 3 |  4- 6 |  7- 9 | 10-12 | 13-15 | 16-18 || total
-------------------------+-------+-------+-------+-------+-------+-------++-------
Melee: Falchion          |    74 |    58 |   275 |   747 |       |       ||  1154
       Headbutt          |    15 |     9 |    68 |   217 |   391 |   324 ||  1024
       Double sword      |       |       |       |   109 |  1490 |  1072 ||  2671
       Morningstar       |       |       |       |    15 |    34 |       ||    49
       Long sword        |       |       |       |       |    43 |       ||    43
       Scimitar          |       |       |       |       |    13 |    86 ||    99
Invok: Trog's Hand       |       |     2 |     6 |     8 |    19 |    10 ||    45
       Berserk           |       |       |     3 |     5 |     5 |     3 ||    16
       Brothers in Arms  |       |       |       |       |     7 |     3 ||    10
Evoke: Wand              |       |       |       |       |     3 |       ||     3
  Use: Scroll            |       |     6 |    10 |    11 |    15 |     5 ||    47
       Potion            |       |       |     2 |       |     1 |     3 ||     6
 Stab: Sleeping          |     2 |       |       |     1 |       |       ||     3
  Eat: Chunk             |     2 |     3 |     7 |    26 |    29 |     8 ||    75
       Meat ration       |       |       |     1 |     2 |     5 |     5 ||    13
       Fruit             |       |       |       |       |     1 |       ||     1
Armor: Animal skin       |    11 |       |       |       |       |       ||    11
       Leather armour    |     2 |    18 |    65 |    81 |       |       ||   166
       Scale mail        |       |       |       |   173 |   183 |       ||   356
       Plate armour      |       |       |       |       |   346 |   361 ||   707
       Chain mail        |       |       |       |       |    13 |   147 ||   160
Dodge: Dodged            |    48 |    36 |   148 |   319 |   506 |   526 ||  1583
Block: Buckler           |       |       |       |   310 |   631 |   545 ||  1486
       Reflection        |       |       |       |     8 |    18 |     2 ||    28
